 Seeded DCSS version 0.31-a0-557-g6e16503903 (webtiles) character file.

Game seed: 16161720884980326079 (custom seed)

13 innerfire43 the Trooper (level 2, -1/19 HPs)
             Began as a Gargoyle Monk on Aug 16, 2023.
             Was a Plaything of Xom.
             Slain by Terence
             ... wielding a +0 morningstar
              (13 damage)
             ... on level 2 of the Dungeon.
             The game lasted 00:00:58 (607 turns).

innerfire43 the Trooper (Gargoyle Monk)              Turns: 607, Time: 00:00:59

Health: -1/19      AC:  5    Str: 14    XL:     2   Next: 37%
Magic:  2/2        EV: 12    Int: 10    God:    Xom [.....*]
Gold:   35         SH:  0    Dex: 12    Spells: 1/1 levels left

rFire   . . .        a - +0 mace
rCold   . . .        d - orb {light}
rNeg    + . .        b - +0 robe
rPois   ∞            f - +0 helmet
rElec   +            (no cloak)
rCorr   .            (no gloves)
SInv    .            (no boots)
Will    .....        i - amulet of faith
Stlth   +            (no ring)
HPRegen 0.23/turn    (no ring)
MPRegen 0.08/turn

%: faith
@: glowing
A: sickness immunity, AC +2, negative energy resistance 1, electricity
resistance, torment resistance 1, petrification resistance
a: Renounce Religion


You were on level 2 of the Dungeon.
You worshipped Xom.
You were Xom's teddy bear.
You visited 1 branch of the dungeon, and saw 2 of its levels.

You collected 35 gold pieces.

Inventory:

Hand Weapons
 a - a +0 mace (weapon)
Armour
 b - a +0 robe (worn)
 d - an orb of light (worn)
 f - a +0 helmet (worn)
Jewellery
 i - an amulet of faith (around neck)
Scrolls
 e - a scroll of brand weapon {unknown}
 g - 2 scrolls of silence {unknown}
Potions
 c - 2 potions of ambrosia
 h - a potion of haste {unknown}


   Skills:
 + Level 3.5 Fighting
 + Level 3.2 Maces & Flails
 + Level 0.5 Armour
 + Level 2.6 Dodging


You had one spell level left.
You didn't know any spells.
Your spell library was empty.

Dungeon Overview and Level Annotations

Branches:
Dungeon (2/15)

Altars:
Xom

Annotations:
D:2 Terence


Innate Abilities, Weirdness & Mutations

You are immune to sickness and miasma.
Your stone body is resilient. (AC +2)
You are immune to poison.
You resist negative energy. (rN+)
You are resistant to electric shocks. (rElec)
You are resistant to unholy torment.
You are immune to petrification.


Message History

Done exploring.
No target in view!
Done exploring.
No target in view!
Done exploring.
No target in view!
There is a stone staircase leading down here.
There is a stone staircase leading down here.
You climb downwards.
There is a stone staircase leading up here.
A kobold comes into view. It is wielding a +0 dagger.
The kobold shouts!
The kobold throws a stone.
The stone hits you.
A kobold is nearby!
A kobold is nearby!
The kobold hits you but does no damage.
A kobold is nearby!
You hit the kobold.
The kobold is heavily wounded.
The kobold hits you but does no damage.
A kobold is nearby!
You closely miss the kobold.
The kobold is heavily wounded.
The kobold hits you but does no damage.
A kobold is nearby!
You sock the kobold!
You kill the kobold!
Terence and a rat come into view.
Terence shouts!
Xom briefly touches your surroundings.
Two doors burst open!
Terence moves out of view.
Things that are here:
a +0 dagger; 4 stones; a kobold corpse Terence hits you with a +0 morningstar!
The rat barely misses you.
You hit Terence.
Terence is lightly wounded.
The rat closely misses you. Terence hits you with a +0 morningstar!
Ouch! That really hurt!
You die...
Xom snickers!

#.#.#####.#
#.#.......#
#.######### #.#
## #.# ..# #.#
###...#
#.#######..'...
#.##...)...#
#.##.###@..#
#.##.#.@r..'.#
#....#.#...###
######+#...#
..### ..# ..#
...#


You could see Terence and a rat.

Vanquished Creatures
  A dart slug (D:1)
  An endoplasm (D:1)
  A hobgoblin (D:1)
  5 kobolds
  A quokka (D:1)
  A frilled lizard (D:1)
10 creatures vanquished.

Notes
Turn   | Place    | Note
-------+----------+-------------------------------------------
     0 | D:1      | innerfire43 the Gargoyle Monk began the quest for the Orb.
     0 | D:1      | Reached XP level 1. HP: 14/14 MP: 1/1
    86 | D:1      | Found a faded altar of an unknown god.
   127 | D:1      | Reached XP level 2. HP: 8/19 MP: 2/2
   132 | D:1      | Prayed at the altar of an unknown god.
   132 | D:1      | Became a worshipper of Xom of Chaos
   344 | D:1      | XOM: divination: detect creatures
   447 | D:1      | XOM: divination: detect creatures
   605 | D:2      | Noticed Terence
   605 | D:2      | XOM: scenery: 2 doors open
   607 | D:2      | Slain by Terence

Illustrated notes

Levels and vault maps discovered:
D:1:      nzn_arrival_settlement, layout_rooms,
          shapermc_ecumenical_altar_starsandcircs
D:2:      layout_basic, feat_on_display, uniq_jessica, uniq_robin,
          uniq_crazy_yiuf_cottage, uniq_terence

Action                     || total
---------------------------++-------
  Melee: Mace              ||    27
    Use: Potion            ||     1
 Armour: Robe              ||     8
  Dodge: Dodged            ||    17

Table legend: (Time is in decaauts)
 A = Elapsed time spent in this place.
 B = Non-inter-level travel time spent in this place.
 C = Inter-level travel time spent in this place.
 D = Time resting spent in this place.
 E = Time spent auto-exploring this place.
 F = Levels seen in this place.
 G = Mean time per level.
                   A        B        C        D        E       F      G
               +--------+--------+--------+--------+--------+-----+--------+
         Total |    613 |    542 |     71 |      0 |    437 |   2 |  306.5 |
       Dungeon |    613 |    542 |     71 |      0 |    437 |   2 |  306.5 |
               +--------+--------+--------+--------+--------+-----+--------+

Top non-repeatable levels by time:
     D:1: 575 daAuts
     D:2: 37 daAuts
